 Dungeon Crawl Stone Soup version 0.31.0-32-g396128a36d (webtiles) character file.

Game seed: 11392559245720784252

8225 Quickbrownfox the Mimic (level 11, -3/79 HPs)
             Began as an Octopode Shapeshifter on Apr 16, 2024.
             Was an Initiate of Gozag.
             Slain by a seven-headed hydra zombie (5 damage)
             ... on level 10 of the Dungeon.
             The game lasted 00:24:45 (12918 turns).

Quickbrownfox the Mimic (Octopode Shapeshifter)    Turns: 12918, Time: 00:24:46

Health: -3/79      AC:  8    Str: 21    XL:     11   Next: 27%
Magic:  12/19      EV: 13    Int: 13    God:    Gozag
Gold:   1002       SH:  0    Dex: 19    Spells: 18/21 levels left

rFire   . . .        s - melded +6 demon blade of Courage {elec, +Blink rN+ Dex-2}
rCold   . . .        (shield currently unavailable)
rNeg    . . .        (helmet currently unavailable)
rPois   +            g - amulet of the acrobat
rElec   .            u - +6 ring of dexterity
rCorr   .            (no ring)
SInv    .            (no ring)
Will    .....        (no ring)
Stlth   +++          (no ring)
HPRegen 0.33/turn    (no ring)
MPRegen 0.16/turn    (no ring)
                     (no ring)

%: acrobat
@: snake-form, weak-willed
A: constrict, boosted hp, almost no armour, amphibious, 8 rings, large,
(camouflage 1), (gelatinous body 1), (nimble swimmer 1), (tentacles)
a: Begin Untransformation, Renounce Religion, Potion Petition, Call Merchant,
Bribe Branch


You were on level 10 of the Dungeon.
You worshipped Gozag.
Gozag was most pleased with you.
You were an enormous serpent.
You visited 2 branches of the dungeon, and saw 11 of its levels.

You collected 1700 gold pieces.
You paid 698 gold pieces to Gozag.

Inventory:

Hand Weapons
 d - a +2 whip of electrocution
 k - a +2 short sword of draining
 q - a +4 sling
 r - a +3 whip
 s - the +6 demon blade of Courage (melded) {elec, +Blink rN+ Dex-2}
   (You found it on level 6 of the Dungeon)

   Dex-2:     It affects your dexterity (-2).
   rN+:       It protects you from negative energy.
   +Blink:    It lets you blink.
Missiles
 a - 3 throwing nets
 l - 13 poisoned darts
Armour
 y - an orb of energy
 E - a +1 kite shield of poison resistance
Jewellery
 g - an amulet of the acrobat (around neck)
 h - an amulet of magic regeneration
 u - a +6 ring of dexterity (left tentacle)
Talismans
 b - a beast talisman
 c - a flux talisman
 o - a serpent talisman (active)
 B - a serpent talisman (active)
Wands
 f - a wand of flame (53)
 t - a wand of mindburst (5)
 v - a wand of charming (6)
 w - a wand of quicksilver (13)
Scrolls
 e - 3 scrolls of teleportation
 j - 2 scrolls of enchant armour
 p - 3 scrolls of immolation
 z - a scroll of silence
 A - 2 scrolls of identify
Potions
 i - 2 potions of magic
 m - 3 potions of invisibility
 n - a potion of degeneration
 x - a potion of lignification
 C - a potion of enlightenment


   Skills:
 + Level 5.0 Fighting
 - Level 4.2 Maces & Flails
 + Level 5.4 Dodging
 + Level 6.0 Stealth
 + Level 3.2 Unarmed Combat
 + Level 5.5 Spellcasting
 + Level 5.9 Conjurations
 + Level 6.0 Earth Magic
 * Level 9.2 Shapeshifting


You had 18 spell levels left.
You knew the following spells:

 Your Spells              Type           Power      Damage    Failure   Level
a - Stone Arrow           Conj/Erth      38%        3d9       4%          3

Your spell library contained the following spells:

 Spells                   Type           Power      Damage    Failure   Level
 Passwall                 Erth           19%        N/A       4%          3
 Necrotise                Necr           12%        1d4       19%         1
 Slow                     Hex            12%        N/A       19%         1
 Call Imp                 Summ           6%         N/A       26%         2
 Ensorcelled Hibernation  Hex/Ice        6%         N/A       26%         2
 Sublimation of Blood     Necr           3%         N/A       26%         2
 Confusing Touch          Hex            3%         N/A       47%         3
 Sigil of Binding         Hex            3%         N/A       47%         3
 Summon Ice Beast         Ice/Summ       3%         N/A       47%         3
 Swiftness                Air            3%         N/A       47%         3
 Tukima's Dance           Hex            3%         N/A       47%         3
 Vampiric Draining        Necr           3%         2d6       47%         3
 Martyr's Knell           Necr/Summ      3%         N/A       87%         4
 Passage of Golubria      Tloc           3%         N/A       87%         4
 Curse of Agony           Necr           3%         N/A       99%         5
 Summon Mana Viper        Hex/Summ       3%         N/A       99%         5
 Yara's Violent Unravell  Hex/Alch       1%         3d3       99%         5
 Monstrous Menagerie      Summ           1%         N/A       100%        7
 Summon Hydra             Summ           1%         N/A       100%        7
 Lehudib's Crystal Spear  Conj/Erth      9%         10d4      100%        8
 Animate Armour           Summ/Erth      Unusable   N/A       N/A         4

Dungeon Overview and Level Annotations

Branches:
Dungeon (10/15)            Temple (1/1) D:5
   Lair: D:8-11         Orc: D:9-12

Altars:
Ashenzari
Cheibriados
Dithmenos
Elyvilon
Fedhas
Gozag
Hepliaklqana
Kikubaaqudgha
Makhleb
Nemelex Xobeh
Okawaru
Qazlal
Ru
Sif Muna
Trog
Uskayaw
Vehumet
Wu Jian
Xom
Yredelemnul
Zin
The Shining One

Shops:
D:8 :


Innate Abilities, Weirdness & Mutations

You are an enormous serpent.
You have a powerful constriction melee attack.
Your maximum health is increased.
Your armour is entirely melded.
You are incapable of wielding weapons or throwing items.
You cannot wear most types of armour.
You are amphibious.
You can wear up to eight rings at the same time.
((Your skin changes colour to match your surroundings (Stealth+).))
((Your rubbery body absorbs attacks. (AC +1, EV +1)))
((You are camouflaged when in or above water. (Stealth+)))
((You have tentacles for arms and can constrict up to eight enemies at once.))


Message History

Unknown command.
You lash the seven-headed hydra zombie!
The seven-headed hydra zombie is moderately damaged.
The seven-headed hydra zombie bites you.
The seven-headed hydra zombie bites you!
The seven-headed hydra zombie barely misses you.
The seven-headed hydra zombie bites you. x2
The seven-headed hydra zombie completely misses you.
The seven-headed hydra zombie bites you.
* * * LOW HITPOINT WARNING * * *
Casting: Stone Arrow (dangerous; 4% risk of failure)
Confirm with . or Enter, or press ? or * to list all spells.
Aiming: Stone Arrow (dangerous; 4% risk of failure)
Press: ? - help, Shift-Dir - straight line, f - seven-headed hydra zombie
Aim: a seven-headed hydra zombie (moderately damaged, 100% to hit)
The stone arrow hits the seven-headed hydra zombie!!
The seven-headed hydra zombie is heavily damaged.
The seven-headed hydra zombie barely misses you.
The seven-headed hydra zombie bites you.
* * * LOW HITPOINT WARNING * * *
The seven-headed hydra zombie bites you.
* * * LOW HITPOINT WARNING * * *
The seven-headed hydra zombie bites you.
* * * LOW HITPOINT WARNING * * *
The seven-headed hydra zombie bites you.
* * * LOW HITPOINT WARNING * * *
The seven-headed hydra zombie completely misses you.
The seven-headed hydra zombie barely misses you.
Okay, then.
As you read the scroll labelled ULOTZAALADO, it crumbles to dust.
A wave of despondency washes over your surroundings.
It was a scroll of vulnerability.
The seven-headed hydra zombie barely misses you.
The seven-headed hydra zombie bites you but does no damage.
The seven-headed hydra zombie bites you.
* * * LOW HITPOINT WARNING * * *
The seven-headed hydra zombie barely misses you.
The seven-headed hydra zombie bites you.
You die...
Your body crumbles into a pile of gold.

~P..#.#....)..#§#.Z.#+#
~#..#.#....)..#_+Z....#
......####..###§#ZZZ#$# ##.####
##.# #§#ZZ##.# ###### #.#
##.###§#!###.# #.....
#.#######...##.# #$.######.....
#...........#..# #..........##.
########......#####.###...##.#..
# #.......SZ...#........... #
#.....######.#.....<..#.. #
##...## #.#........##. # ##.###
#.###......... #### #...#
#..>....#.##.# ...# #...#
##.###.##)#... ...# #...#
##............ ...# #...#
##......##)#...
...######...#######........#.##.#


You could see a seven-headed hydra zombie (weak-willed).

Vanquished Creatures
  A two-headed ogre (D:7)
  Pikel (D:6)
  Joseph (D:7)
  Jeremiah (D:7)
  A troll (D:10)
  Prince Ribbit (D:5)
  Sigmund (D:6)
  2 shadows
  A small abomination (D:10)
  6 yaks (D:9)
  2 wyverns (D:9)
  Eustachio (D:4)
  Grum (D:7)
  A steam dragon (D:8)
  Menkaure (D:7)
  An acid dragon (D:8)
  An ice beast (D:6)
  A sky beast (D:7)
  2 black bears
  5 orc warriors
  An elephant zombie (D:10)
  3 wolves
  3 centaurs
  3 kobold brigands
  2 bullfrogs (D:8)
  3 gnoll sergeants
  A scorpion (D:6)
  A howler monkey (D:7)
  2 wolf zombies (D:10)
  2 bombardier beetles
  2 centaur zombies (D:10)
  3 hounds
  6 jellies
  2 gnoll boudas
  10 orc priests
  4 iguanas
  2 sleepcaps
  Natasha (D:2)
  13 orc wizards
  2 killer bee zombies (D:10)
  23 gnolls
  9 adders
  2 shadow imps (D:7)
  2 ribbon worms
  37 orcs
  9 ball pythons
  7 endoplasms
  4 giant cockroaches
  8 hobgoblins
  3 jackals (D:5)
  4 quokkas
  5 bats
  4 frilled lizards
  7 goblins
  18 kobolds
  4 rats
244 creatures vanquished.

Notes
Turn   | Place    | Note
-------+----------+-------------------------------------------
     0 | D:1      | Quickbrownfox the Octopode Shapeshifter began the quest for
                  | the Orb.
     0 | D:1      | Reached XP level 1. HP: 13/13 MP: 1/1
   101 | D:1      | Reached XP level 2. HP: 18/18 MP: 2/2
   431 | D:1      | Reached skill level 1 in Maces & Flails
   549 | D:1      | Reached XP level 3. HP: 23/23 MP: 3/3
   944 | D:2      | Found a shimmering blue altar of Sif Muna.
   944 | D:2      | You fall into a shaft and drop 2 floors!
  1008 | D:4      | Found a burning altar of Makhleb.
  1020 | D:4      | Reached skill level 4 in Shapeshifting
  1020 | D:4      | Reached XP level 4. HP: 24/28 MP: 4/4
  1024 | D:4      | Learned a level 3 spell: Stone Arrow
  1359 | D:3      | Found a hazy altar of Hepliaklqana.
  1360 | D:3      | Found a white marble altar of Elyvilon.
  1728 | D:3      | Reached XP level 5. HP: 33/33 MP: 5/5
  2313 | D:2      | Noticed Natasha
  2319 | D:2      | Killed Natasha
  2404 | D:2      | Reached skill level 1 in Conjurations
  2404 | D:2      | Reached skill level 1 in Earth Magic
  2417 | D:2      | Reached skill level 1 in Spellcasting
  2421 | D:2      | Reached XP level 6. HP: 27/38 MP: 7/7
  3016 | D:4      | Noticed Eustachio
  3026 | D:4      | Killed Eustachio
  3027 | D:4      | Reached skill level 5 in Shapeshifting
  3345 | D:4      | Reached XP level 7. HP: 19/43 MP: 9/9
  3827 | D:5      | Entered Level 5 of the Dungeon
  3860 | D:5      | Noticed Prince Ribbit
  3869 | D:5      | Killed Prince Ribbit
  4031 | D:5      | Found a staircase to the Ecumenical Temple.
  4070 | Temple   | Entered the Ecumenical Temple
  4077 | Temple   | Became a worshipper of Gozag Ym Sagoz the Greedy
  4102 | D:5      | Reached skill level 6 in Shapeshifting
  4102 | D:5      | Reached XP level 8. HP: 35/48 MP: 10/12
  4569 | D:6      | Noticed a shadow
  4708 | D:6      | Killed a shadow
  4820 | D:6      | Identified the +6 demon blade of Courage {elec, +Blink rN+
                  | Dex-2}
  5122 | D:6      | Noticed Sigmund
  5130 | D:6      | Killed Sigmund
  5382 | D:6      | Found an iron altar of Okawaru.
  5533 | D:6      | Reached XP level 9. HP: 22/54 MP: 2/14
  5535 | D:6      | Reached skill level 7 in Shapeshifting
  6142 | D:7      | Noticed Jeremiah
  6302 | D:7      | Noticed Joseph
  6572 | D:7      | Killed Joseph
  6717 | D:7      | Noticed Pikel
  6741 | D:6      | Killed Pikel
  6742 | D:6      | Reached skill level 1 in Stealth
  6957 | D:7      | Noticed a two-headed ogre
  7043 | D:7      | Killed a two-headed ogre
  7044 | D:7      | Reached XP level 10. HP: 44/63 MP: 12/16
  7169 | D:7      | Reached skill level 8 in Shapeshifting
  7329 | D:7      | Found a glowing golden altar of the Shining One.
  7506 | D:7      | Noticed Menkaure
  7513 | D:7      | Killed Menkaure
  7526 | D:7      | Reached skill level 5 in Conjurations
  7736 | D:8      | Noticed Grum
  7752 | D:7      | Killed Grum
  7753 | D:7      | Reached skill level 5 in Earth Magic
  8534 | D:7      | Killed Jeremiah
  9179 | D:8      | Reached skill level 5 in Spellcasting
  9906 | D:9      | Found a radiant altar of Vehumet.
 10099 | D:9      | Reached skill level 5 in Stealth
 10345 | D:9      | Reached skill level 5 in Dodging
 10359 | D:9      | Reached skill level 9 in Shapeshifting
 10359 | D:9      | Reached XP level 11. HP: 35/70 MP: 3/19
 10978 | D:9      | Found a shimmering blue altar of Sif Muna.
 11271 | D:10     | Entered Level 10 of the Dungeon
 11743 | D:10     | Reached skill level 5 in Fighting
 11840 | D:10     | Found an ancient bone altar of Kikubaaqudgha.
 12918 | D:10     | HP: 2/79 [seven-headed hydra zombie (5)]
 12918 | D:10     | Slain by a seven-headed hydra zombie

Illustrated notes

Levels and vault maps discovered:
D:1:      minmay_arrival_radiant_lines, layout_basic
D:2:      layout_basic, serial_rivers, chequers_serial_rivers_room_a,
          chequers_serial_rivers_marsh, chequers_serial_rivers_small_3,
          chequers_serial_rivers_micro_b, chequers_serial_rivers_micro_b,
          chequers_serial_rivers_small_a, basic_altar, uniq_natasha
D:3:      layout_loops_corners, nicolae_overflow_two_pavilions
D:4:      layout_loops_ring, mainiacjoe_overflow_brackets, uniq_eustachio
D:5:      layout_basic, minmay_temple_entry_mini_moons, uniq_prince_ribbit1
D:6:      layout_gridville, okawaru_ov_weapons_minmay, uniq_sigmund
D:7:      layout_cave_pools, nicolae_tso_carved_into_rock, uniq_pikel,
          uniq_joseph, uniq_jeremiah, uniq_menkaure
D:8:      layout_rooms, serial_bayou_pond_c, grunt_ministairs_3, uniq_grum
D:9:      layout_irregular_city, fiery_altar_vehumet, lemuel_tele_altar
D:10:     layout_loops_cross, hangedman_decor_clover_reticule,
          serial_bayou_lagoon_a, roadster_capsule_ark_zombie
Temple:   nicolae_temple_no_exploring_needed

Skill      XL: |  1  2  3  4  5  6  7  8  9 10 11 |
---------------+----------------------------------+-----
Maces & Flails | 1 2 3 4 |  4.2
Shapeshifting  | 4 5 6 7 9 |  9.2
Conjurations   | 1 2 3 4 5 |  5.9
Earth Magic    | 1 2 3 4 5 6 |  6.0
Spellcasting   | 1 2 3 4 5 |  5.5
Fighting       | 2 3 4 5 |  5.0
Dodging        | 4 5 |  5.4
Stealth        | 3 5 6 |  6.0
Unarmed Combat | |  3.2

Action                     |  1- 3 |  4- 6 |  7- 9 | 10-12 || total
---------------------------+-------+-------+-------+-------++-------
  Melee: Whip              |    44 |    97 |    99 |       ||   240
         Constrict         |    10 |    25 |    30 |    55 ||   120
         Tentacles         |     8 |    18 |    33 |    53 ||   112
         Punch             |     1 |     3 |     4 |       ||     8
         Demon blade       |       |       |    30 |       ||    30
         Unarmed           |       |       |    24 |   218 ||   242
   Cast: Stone Arrow       |       |       |    26 |   111 ||   137
 Invoke: Call Merchant     |       |       |       |     1 ||     1
  Evoke: Wand              |       |       |     3 |     3 ||     6
    Use: Scroll            |       |     5 |     8 |     8 ||    21
         Potion            |       |     1 |     6 |     1 ||     8
   Stab: Sleeping          |     5 |     7 |     3 |     1 ||    16
         Distracted        |       |       |       |     2 ||     2
         Betrayed ally     |       |       |       |     1 ||     1
 Armour: Skin              |    10 |    29 |   114 |   147 ||   300
  Dodge: Dodged            |    18 |    57 |    98 |   201 ||   374
   Form: Flux              |       |       |     1 |       ||     1
         Serpent           |       |       |       |     1 ||     1
